 Dungeon Crawl Stone Soup version 0.32-a0-132-g2d33c3cfaf (webtiles) character file.

Game seed: 2084281552213444473

639 CougarLife the Digger (level 7, -3/36 HPs)
             Began as a Gargoyle Earth Elementalist on Feb 9, 2024.
             Killed from afar by Pikel (19 damage)
             ... with a bolt of light
             ... on level 4 of the Dungeon.
             The game lasted 00:06:05 (3806 turns).

CougarLife the Digger (Gargoyle Earth Elementalist) Turns: 3806, Time: 00:06:06

Health: -3/36      AC: 10    Str: 11    XL:     7   Next: 50%
Magic:  5/13       EV: 11    Int: 24    God:
Gold:   252        SH:  0    Dex: 10    Spells: 7/15 levels left

rFire   . . .        x - +0 dagger (venom)
rCold   . . .        (no shield)
rNeg    + . .        a - +0 robe
rPois   ∞            w - +0 helmet
rElec   +            (no cloak)
rCorr   .            m - +2 pair of gloves {Stlth+}
SInv    .            (no boots)
Will    .....        (no amulet)
Stlth   +++          g - +6 ring of intelligence
HPRegen 0.26/turn    (no ring)
MPRegen 0.13/turn

%: no passive effects
@: no status effects
A: sickness immunity, AC +4, negative energy resistance 1, electricity
resistance, torment resistance 1, petrification resistance
a: no special abilities


You were on level 4 of the Dungeon.
You visited 1 branch of the dungeon, and saw 4 of its levels.
You also visited: Sewer.

You collected 252 gold pieces.

Inventory:

Hand Weapons
 x - a +0 dagger of venom (weapon)
Armour
 a - a +0 robe (worn)
 m - a +2 pair of gloves of stealth (worn)
 w - a +0 helmet (worn)
Jewellery
 g - a +6 ring of intelligence (left hand)
 j - a +6 ring of strength
 n - a ring of fire
Wands
 t - a wand of paralysis (10)
Scrolls
 f - 2 scrolls of enchant weapon {unknown}
 i - a scroll of brand weapon {unknown}
 k - a scroll of noise {unknown}
 l - 8 scrolls of identify {unknown}
 o - a scroll of teleportation {unknown}
 p - a scroll of summoning {unknown}
 r - a scroll of poison {unknown}
 s - a scroll of blinking {unknown}
 u - a scroll of torment {unknown}
Potions
 b - 2 potions of magic
 c - 5 potions of haste {unknown}
 d - 2 potions of attraction {unknown}
 e - 2 potions of heal wounds {unknown}
 h - a potion of mutation {unknown}
 q - a potion of resistance {unknown}
 v - 3 potions of brilliance {unknown}


   Skills:
 - Level 1.5 Dodging
 - Level 2.1 Stealth
 + Level 4.6 Spellcasting
 + Level 4.9 Conjurations
 + Level 6.5 Earth Magic


You had 7 spell levels left.
You knew the following spells:

 Your Spells              Type           Power      Damage    Failure   Level
a - Sandblast             Erth           72%        2d16      1%          1
b - Stone Arrow           Conj/Erth      66%        3d11      2%          3
c - Brom's Barrelling Bo  Conj/Erth      33%        2d5       9%          4

Your spell library contained the following spells:

 Spells                   Type           Power      Damage    Failure   Level
 Passwall                 Erth           36%        N/A       1%          3
 Petrify                  Alch/Erth      21%        N/A       24%         4


Dungeon Overview and Level Annotations

Branches:
Dungeon (4/15)              Sewer (visited)
 Temple: D:4-7

Altars:
Okawaru

Annotations:
D:4 Pikel


Innate Abilities, Weirdness & Mutations

You are immune to sickness and miasma.
Your stone body is resilient. (AC +4)
You are immune to poison.
You resist negative energy. (rN+)
You are resistant to electric shocks. (rElec)
You are resistant to unholy torment.
You are immune to petrification.


Message History

Aim: Pikel, wielding a +1 whip of freezing, wearing a +0 robe and carrying a wand of light (80% to hit)
The blast of sand hits the lemure!
The lemure is almost dead.
The lemure misses you.
Casting: Sandblast (safe; 1% risk of failure)
Confirm with . or Enter, or press ? or * to list all spells.
Aiming: Sandblast (safe; 1% risk of failure)
Press: ? - help, Shift-Dir - straight line, f/p - Pikel
Aim: Pikel, wielding a +1 whip of freezing, wearing a +0 robe and carrying a wand of light (80% to hit)
The blast of sand hits the lemure!
You kill the lemure!
That felt strangely unrewarding.
Pikel completely misses you.
Casting: Sandblast (safe; 1% risk of failure)
Confirm with . or Enter, or press ? or * to list all spells.
Aiming: Sandblast (safe; 1% risk of failure)
Press: ? - help, Shift-Dir - straight line, f/p - Pikel
Aim: Pikel, wielding a +1 whip of freezing, wearing a +0 robe and carrying a wand of light (80% to hit)
The blast of sand hits Pikel but does no damage.
Pikel barely misses you.
Casting: Sandblast (safe; 1% risk of failure)
Confirm with . or Enter, or press ? or * to list all spells.
Aiming: Sandblast (safe; 1% risk of failure)
Press: ? - help, Shift-Dir - straight line, f/p - Pikel
Aim: Pikel, wielding a +1 whip of freezing, wearing a +0 robe and carrying a wand of light (80% to hit)
The blast of sand hits Pikel but does no damage.
Pikel hits you with a +1 whip of freezing!
Pikel freezes you.
Pikel hits you with a +1 whip of freezing.
Pikel freezes you.
Casting: Sandblast (safe; 1% risk of failure)
Confirm with . or Enter, or press ? or * to list all spells.
Aiming: Sandblast (safe; 1% risk of failure)
Press: ? - help, Shift-Dir - straight line, f/p - Pikel
Aim: Pikel, wielding a +1 whip of freezing, wearing a +0 robe and carrying a wand of light (80% to hit)
The blast of sand hits Pikel!!
Pikel is heavily wounded.
Pikel zaps a wand.
The bolt of light hits you!!
Ouch! That really hurt!
You die...
Pikel says, "Another soul for the market."

## #. #. #### ###### #.
...##....# #. ..#######
#..#....# #.
#...)...########.#....#####.
#.55K@................
###################.#.
#..... ######.....
#....#..... #....#.....
#....#..... #....######
#....# #


You could see Pikel and 2 lemures.

Vanquished Creatures
  Sigmund (D:4)
  Pargi (Sewer)
  2 lemures (D:4)
  2 brain worms (Sewer)
  An orc priest (D:4)
  Ijyb (D:3)
  9 adders
  2 dart slugs
  2 ribbon worms (D:3)
  7 orcs
  3 bats
  10 endoplasms
  8 giant cockroaches
  10 hobgoblins
  6 jackals
  5 quokkas
  4 ball pythons
  4 frilled lizards
  11 goblins
  9 kobolds
  5 rats
103 creatures vanquished.

Notes
Turn   | Place    | Note
-------+----------+-------------------------------------------
     0 | D:1      | CougarLife the Gargoyle Earth Elementalist began the quest
                  | for the Orb.
     0 | D:1      | Reached XP level 1. HP: 10/10 MP: 3/3
   343 | D:1      | Reached XP level 2. HP: 15/15 MP: 3/5
   357 | D:1      | Reached skill level 4 in Earth Magic
   785 | D:1      | You fall into a shaft and drop 1 floor!
   810 | D:2      | Reached XP level 3. HP: 19/19 MP: 2/6
  1866 | D:2      | Reached XP level 4. HP: 24/24 MP: 6/8
  2125 | D:3      | Found a glowing drain.
  2145 | Sewer    | Entered a sewer
  2225 | Sewer    | Noticed a brain worm
  2233 | Sewer    | Killed a brain worm
  2234 | Sewer    | Reached skill level 5 in Earth Magic
  2234 | Sewer    | Reached XP level 5. HP: 27/28 MP: 5/10
  2294 | Sewer    | Learned a level 3 spell: Stone Arrow
  2379 | Sewer    | Noticed Pargi
  2385 | Sewer    | Killed Pargi
  2386 | Sewer    | Reached XP level 6. HP: 29/32 MP: 3/11
  2687 | D:3      | Noticed Ijyb
  2692 | D:3      | Killed Ijyb
  2871 | D:3      | Found an iron altar of Okawaru.
  3014 | D:3      | Identified the +4 glaive of the Desolation of Salt {flame,
                  | Str+5}
  3173 | D:3      | Found a faded altar of an unknown god.
  3231 | D:4      | Reached skill level 6 in Earth Magic
  3254 | D:4      | Noticed Sigmund
  3255 | D:4      | Killed Sigmund
  3256 | D:4      | Reached XP level 7. HP: 36/36 MP: 11/13
  3788 | D:4      | Noticed Pikel
  3798 | D:4      | Learned a level 4 spell: Brom's Barrelling Boulder
  3806 | D:4      | Killed from afar by Pikel

Illustrated notes

Levels and vault maps discovered:
D:1:      roderic_chinese_lattice_arrival, layout_basic, minmay_hexomino_f4
D:2:      cheibrodos_helix_gallery, layout_basic
D:3:      layout_rooms, mainiacjoe_overflow_chevrons, gup_sewer_entry_glass,
          shapermc_ecumenical_altar_mp_highgroup, nicolae_half_adder, uniq_ijyb
D:4:      layout_basic, uniq_pikel, uniq_sigmund, uniq_crazy_yiuf_cottage,
          uniq_natasha

Skill      XL: |  1  2  3  4  5  6 |
---------------+-------------------+-----
Earth Magic    | 4 5 6 |  6.5
Conjurations   | 2 3 4 |  4.9
Spellcasting   | 3 4 |  4.6
Dodging        | |  1.5
Stealth        | |  2.1

Action                     |  1- 3 |  4- 6 |  7- 9 || total
---------------------------+-------+-------+-------++-------
  Melee: Dagger            |    39 |       |       ||    39
   Cast: Sandblast         |    49 |    60 |    22 ||   131
         Stone Arrow       |       |     1 |       ||     1
 Armour: Robe              |    39 |    19 |     8 ||    66
  Dodge: Dodged            |    48 |    16 |     9 ||    73

Table legend: (Time is in decaauts)
 A = Elapsed time spent in this place.
 B = Non-inter-level travel time spent in this place.
 C = Inter-level travel time spent in this place.
 D = Time resting spent in this place.
 E = Time spent auto-exploring this place.
 F = Levels seen in this place.
 G = Mean time per level.
                   A        B        C        D        E       F      G
               +--------+--------+--------+--------+--------+-----+--------+
         Total |   3870 |   3749 |    121 |    267 |   2899 |   5 |  774.0 |
       Dungeon |   3478 |   3357 |    121 |    146 |   2707 |   4 |  869.5 |
         Sewer |    391 |    391 |      0 |    121 |    192 |   1 |  391.0 |
               +--------+--------+--------+--------+--------+-----+--------+

Top non-repeatable levels by time:
     D:1: 1157 daAuts
     D:2: 973 daAuts
     D:3: 757 daAuts
     D:4: 590 daAuts
   Sewer: 391 daAuts
